 Dungeon Crawl Stone Soup version 0.25.1-2-g60ff931df9 (webtiles) character file.

Game seed: 3258920722096410341

72 Artemis the Chopper (level 4, 0/40 HPs)
             Began as a Minotaur Monk on Sept 9, 2020.
             Slain by an adder (2 damage)
             ... on level 3 of the Dungeon.
             The game lasted 00:04:32 (2124 turns).

Artemis the Chopper (Minotaur Monk)                 Turns: 2124, Time: 00:04:32

Health: 0/40       AC:  2    Str: 15    XL:     4   Next: 6%
Magic:  3/3        EV: 14    Int:  7    God:
Gold:   108        SH:  0    Dex: 14    Spells: 3/3 levels left

rFire    . . .     SeeInvis .   a - +0 hand axe
rCold    . . .     Gourm    .   (no shield)
rNeg     . . .     Faith    .   b - +0 robe
rPois    .         Spirit   .   (helmet restricted)
rElec    .         Reflect  .   (no cloak)
rCorr    .         Harm     .   (no gloves)
MR       .....                  (no boots)
Stlth    ++........             (no amulet)
HPRegen  0.13/turn              (no ring)
MPRegen  0.08/turn              (no ring)

@: no status effects
A: retaliatory headbutt, horns 2
a: no special abilities


You were on level 3 of the Dungeon.
You were hungry.

You visited 1 branch of the dungeon, and saw 3 of its levels.

You collected 108 gold pieces.

Inventory:

Hand Weapons
 a - a +0 hand axe (weapon)
 k - a +2 short sword of venom
 l - a +0 hunting sling
 q - a +3 short sword
Missiles
 d - 75 stones (quivered)
Armour
 b - a +0 robe (worn)
 e - a +0 pair of boots
Jewellery
 h - an uncursed ring of flight {unknown}
 n - an uncursed ring of protection from fire {unknown}
Scrolls
 g - a scroll of magic mapping {unknown}
 p - a scroll of amnesia {unknown}
 r - a scroll of immolation {unknown}
Potions
 f - 2 potions of cancellation
 i - a potion of mutation {unknown}
 j - a potion of degeneration {unknown}
 m - a potion of curing {unknown}
 o - a potion of heal wounds {unknown}
Comestibles
 c - 4 rations


   Skills:
 + Level 4.2 Fighting
 + Level 4.6 Axes
 + Level 4.0 Dodging
 + Level 2.0 Stealth


You had 3 spell levels left.
You didn't know any spells.
Your spell library was empty.

Dungeon Overview and Level Annotations

Branches:
Dungeon (3/15)

Altars:


Innate Abilities, Weirdness & Mutations

You reflexively headbutt those who attack you in melee.
You have a pair of horns on your head.


Message History

* * * LOW HITPOINT WARNING * * *
The worm barely misses you.
You barely miss the worm. You headbutt the worm.
You kill the worm!
You miss the crimson imp. The crimson imp hits you.
* * * LOW HITPOINT WARNING * * *
You closely miss the adder. You barely miss the crimson imp.
The crimson imp hits you but does no damage.
The adder misses you.
It was a potion of cancellation.
You feel magically purged. The crimson imp hits you.
* * * LOW HITPOINT WARNING * * *
The adder bites you.
* * * LOW HITPOINT WARNING * * *
You barely miss the adder.
You hit the crimson imp but do no damage.
The adder closely misses you. The crimson imp hits you.
* * * LOW HITPOINT WARNING * * *
The adder bites you.
You die...

. ########
....#.<....#
......†S@5..#
#####...†)?.....
##..........
........#...
.............
...#...........
.#(........####
..##.....##


You could see a crimson imp and an adder.

Vanquished Creatures
  An adder (D:2)
  An ooze (D:1)
  A worm (D:3)
  A dart slug (D:1)
  4 leopard geckos
  A ball python (D:1)
  2 giant cockroaches
  7 goblins
  4 hobgoblins
  4 jackals (D:2)
  4 kobolds
  A quokka (D:3)
  4 bats
  A frilled lizard (D:2)
  9 rats
45 creatures vanquished.

Notes
Turn   | Place    | Note
-------+----------+-------------------------------------------
     0 | D:1      | Artemis the Minotaur Monk began the quest for the Orb.
     0 | D:1      | Reached XP level 1. HP: 19/19 MP: 0/0
   269 | D:1      | Reached XP level 2. HP: 27/27 MP: 1/1
   750 | D:1      | Reached XP level 3. HP: 32/33 MP: 2/2
  2117 | D:3      | Reached XP level 4. HP: 27/40 MP: 3/3
  2124 | D:3      | HP: 2/40 [crimson imp (2)]
  2124 | D:3      | Slain by an adder

Illustrated notes

Levels and vault maps discovered:
D:1:      minmay_arrival_shattered_statue, layout_basic, minivault_26
D:2:      layout_basic
D:3:      layout_rooms, first_ration, hex_intersection

Skill      XL: |  1  2  3 |
---------------+----------+-----
Axes           | 4 |  4.6
Fighting       | 4 |  4.2
Stealth        | 2 |  2.0
Dodging        | 4 |  4.0

Action                   |  1- 3 |  4- 6 || total
-------------------------+-------+-------++-------
Melee: Hand axe          |    76 |     6 ||    82
       Headbutt          |    11 |     2 ||    13
  Use: Potion            |       |     1 ||     1
 Stab: Sleeping          |     6 |       ||     6
  Eat: Chunk             |     3 |       ||     3
Armor: Robe              |     8 |     2 ||    10
Dodge: Dodged            |    72 |     3 ||    75
